cohdb
Replays
Latest Replays
All Replays
Popular Replays
Top Player Replays
Match Explorer
How It Works
Community
CoH3 Stats
Reddit
Sign in to upload your games and track your stats! →
Sign in with Steam
Match 41107407
Unlisted
Match 41107407
Overview
Messages
Build Orders
End
Construct Infanterie Kompanie
Grenadier Squad
MG 42 Machine Gun Team
Grenadier Squad
MG 42 Machine Gun Team
Construct Panzergrenadier Kompanie
Panzergrenadier Squad
Selects Mechanized Battlegroup
Selects Raid Package
Panzergrenadier Squad
251 Medium Carrier
Selects StuG Assault Group
Support Elements
StuG III G Assault Gun
Selects Spotting Scopes
StuG III G Assault Gun
Pioneer Squad
StuG III G Assault Gun
StuG III G Assault Gun
Pak 40 Anti-tank Gun Team
[ßDF] CaptainZeasy
[B.P.] Gostlame
[GG]Onkel Stonkel
[GG]Quiq
0
0
Comments
sign in to comment!
No comments posted yet!